 Dungeon Crawl Stone Soup version 0.28-a0-1152-g9c71ebef14 (webtiles) character file.

Game seed: 4688324835854592266

84 spaghetti the Sneak (level 4, -4/46 HPs)
             Began as a Naga Delver on Dec 14, 2021.
             Was an Initiate of Ru.
             Slain by a wyvern skeleton (7 damage)
             ... on level 6 of the Dungeon.
             The game lasted 00:00:50 (89 turns).

spaghetti the Sneak (Naga Delver)                     Turns: 89, Time: 00:00:51

Health: -4/46      AC:  2    Str: 15    XL:     4   Next: 46%
Magic:  4/4        EV:  9    Int: 12    God:    Ru [......]
Gold:   30         SH:  0    Dex: 12    Spells: 3/3 levels left

rFire   . . .      SeeInvis +   a - +0 falchion {long}
rCold   . . .      Faith    .   (no shield)
rNeg    . . .      Spirit   .   b - +0 leather armour
rPois   +          Reflect  .   (no helmet)
rElec   .          Harm     .   (no cloak)
rCorr   .          Rampage  .   (no gloves)
Will    .....                   (no barding)
Stlth   +++.......              (no amulet)
HPRegen 0.15/turn               (no ring)
MPRegen 0.09/turn               (no ring)

@: hasted, quick
A: AC +1, large, see invisible, deformed body, poison resistance, slowness 2,
spit poison 1, naga tail 1
a: Spit Poison, Renounce Religion


You were on level 6 of the Dungeon.
You worshipped Ru.
Ru was noncommittal.
You visited 1 branch of the dungeon, and saw 2 of its levels.

You collected 30 gold pieces.


Innate Abilities, Weirdness & Mutations

Your serpentine skin is tough. (AC +1)
You have supernaturally acute eyesight. (SInv)
Armour fits poorly on your strangely shaped body.
Your system is resistant to poisons. (rPois)
You cover ground very slowly.
You can spit poison.
You have a snake-like lower body.


   Skills:
 + Level 5.1 Fighting
 - Level 2.0 Long Blades
 - Level 1.5 Dodging
 - Level 7.2 Stealth


You had 3 spell levels left.
You didn't know any spells.
Your spell library was empty.

Inventory:

Hand Weapons
 a - a +0 falchion (weapon) {long}
Armour
 b - a +0 leather armour (worn)
Wands
 g - a wand of digging (3)
Scrolls
 c - a scroll of fog

Dungeon Overview and Level Annotations

Branches:
Dungeon (6/15)             Temple (0/1) D:6

Altars:
Ru

**** *,,* **,* * **,,**
**.####** **,** *
***,,,>*****##...,,### *,,*
***,,,,,,,**,,,....,,..#
**,**
**,,,,,,,,**,*###.####.# *,,*
,,,,,,,,,,,*,##.....##.#
**,**
,,,,,,,,,.,*,#.......#.# *,.*
,,,,,,,,,....#.......#.#
*#.#*
,,,,,,,,,.......@Z.....##*..#
,,,,,,,,,....#.......#..##.#*
,,,,,,,,,.,,,#......?#..#..#
,,,,,,,,,,,,,##.....##....#*
,,,,,,,,,,,,,####.####....#
,,,,,,,,,,,,,............##
###
**<..,,,,,,,,*#####......#
#.### **#..,,,,,,,*
##.......## #.... #..,,,,>,,*
#......##.###....


You could see a wyvern skeleton.


Message History

The splash of poison misses the ogre.
You closely miss the ogre. The ogre misses you.
You hit the ogre. The ogre closely misses you.
You hit the ogre but do no damage. The ogre closely misses you.
You hit the ogre.
You kill the ogre!
Your Fighting skill gained 2 levels and is now at level 5!
You have reached level 2!
You have reached level 3!
Your experience leads to an increase in your attributes!
Increase (S)trength, (I)ntelligence, or (D)exterity?
You feel clever. x2; Your skin feels tougher.
You have reached level 4!
You feel stronger. 😎 HP[+25] MP[+3]
You now have 46 max hp (+25).
Your hp is fully restored (46).
Your mp is fully restored (4).
Unknown command.
You have got your breath back.
Things that are here:
a +0 giant club {mace}; an ogre corpse
d - a scroll labelled RUTTEE ZESUID
As you read the scroll labelled RUTTEE ZESUID, it crumbles to dust.
It is a scroll of identify.
You don't have any unidentified items.
You now have 30 gold pieces (gained 17).
A wyvern skeleton comes into view.
A wyvern skeleton is nearby!
An adder comes into view.
A shadow imp comes into view.
The helpless wyvern skeleton fails to defend itself.
You hit the wyvern skeleton. The wyvern skeleton bites you. 😕 HP[-2]
You take 2 damage, and now have 44/46 hp.
You hit the wyvern skeleton.
The shadow imp shouts!
The wyvern skeleton bites you!
A centaur skeleton comes into view.
The shadow imp laughs crazily.
The wyvern skeleton completely misses you. 😮 HP[-11]
You take 11 damage, and now have 33/46 hp.
MASSIVE DAMAGE!! (PAUSE)
Aiming: Spit Poison (1% risk of failure)
Press: ? - help, Shift-Dir - straight line, f - wyvern skeleton
Aim: a wyvern skeleton (moderately damaged)
The splash of poison hits the wyvern skeleton.
The wyvern skeleton completely resists.
The wyvern skeleton barely misses you.
A wight comes into view. It is wielding a +5 war axe.
As you read the scroll of fear, it crumbles to dust.
You assume a fearsome visage.
The centaur skeleton is unaffected.
The adder looks frightened!
The wyvern skeleton is unaffected.
The wight is unaffected.
The shadow imp looks frightened!
The wyvern skeleton bites you!
* * * LOW HITPOINT WARNING * * *
😨 HP[-14]
You take 14 damage, and now have 19/46 hp.
MASSIVE DAMAGE!! (PAUSE) Unknown command.
Okay, then.
Unknown command.
Okay, then.
Okay, then.
You feel yourself speed up. The wyvern skeleton bites you!
* * * LOW HITPOINT WARNING * * *
A bullfrog skeleton comes into view.
The wyvern skeleton bites you!
* * * LOW HITPOINT WARNING * * *
😱 HP[-15]
You take 15 damage, and now have 4/46 hp.
MASSIVE DAMAGE!! (PAUSE) Unknown command. 😱 HP[+1]
You have got your breath back.
The wyvern skeleton bites you.
* * * LOW HITPOINT WARNING * * *
😱 HP[-2]
You take 2 damage, and now have 3/46 hp. 😱 HP[+1]
The wyvern skeleton closely misses you.
Found a sacrificial altar of Ru.
The wyvern skeleton bites you.
* * * LOW HITPOINT WARNING * * *
😱 HP[-2]
You take 2 damage, and now have 2/46 hp. 😱 HP[+1]
There is a sacrificial altar of Ru here.
You coil in front of the altar of Ru.
Ru welcomes you! The wyvern skeleton barely misses you.
Unknown command.
Press < or > to pray at altars.
You aren't carrying any potions.
Unknown command.
Press < or > to pray at altars.
Okay, then.
The wyvern skeleton bites you!
You die...

Skill      XL: |  1 |
---------------+----+-----
Fighting       | 5 |  5.1
Long Blades    | |  2.0
Dodging        | |  1.5
Stealth        | |  7.2

Action                   |  1- 3 |  4- 6 || total
-------------------------+-------+-------++-------
Melee: Falchion          |     4 |     2 ||     6
 Abil: Spit Poison       |     2 |     1 ||     3
  Use: Scroll            |     1 |     2 ||     3
       Potion            |       |     1 ||     1
 Stab: Sleeping          |       |     1 ||     1
Dodge: Dodged            |     3 |     4 ||     7

Levels and vault maps discovered:
D:5:      layout_rooms, gammafunk_temple_overflow_claw
D:6:      layout_cave_pods, mainiacjoe_overflow_alcove_2, old_standard_altar,
          minmay_temple_entry_mist, gammafunk_ghost_smash, minmay_circle_x

Notes
Turn   | Place    | Note
-------+----------+-------------------------------------------
     0 | D:5      | spaghetti the Naga Delver began the quest for the Orb.
     0 | D:5      | Reached XP level 1. HP: 21/21 MP: 1/1
     0 | D:5      | magus.rc [v1.9.6]
    26 | D:6      | Noticed an ogre
    41 | D:6      | Killed an ogre
    42 | D:6      | Reached skill level 5 in Fighting
    42 | D:6      | Reached XP level 2. HP: 32/32 MP: 2/2
    42 | D:6      | Reached XP level 3. HP: 39/39 MP: 3/3
    42 | D:6      | Reached XP level 4. HP: 46/46 MP: 4/4
    70 | D:6      | HP: 4/46 [wyvern skeleton (8)]
    75 | D:6      | HP: 3/46 [wyvern skeleton (2)]
    82 | D:6      | Found a sacrificial altar of Ru.
    83 | D:6      | HP: 2/46 [wyvern skeleton (2)]
    88 | D:6      | Became a worshipper of Ru the Awakened
    89 | D:6      | Slain by a wyvern skeleton

Vanquished Creatures
  An ogre (D:6)
1 creature vanquished.

Table legend:
 A = Non-vault XP
 B = Vault XP
 C = Vault XP percentage of total XP
 D = Non-vault monster count
 E = Vault monster count
 F = Vault count percentage of total count
                 A         B        C        D         E       F
            +---------+---------+-------+---------+---------+-------
      Total |     121 |       0 |   0.0 |       1 |       0 |   0.0
            +---------+---------+-------+---------+---------+-------
        D:6 |     121 |       0 |   0.0 |       1 |       0 |   0.0
            +---------+---------+-------+---------+---------+-------

Illustrated notes

Table legend:
 A = Kills in this place as a percentage of kills in entire the game.
 B = Kills by you in this place as a percentage of kills by you in the entire game.
 C = Kills by friends in this place as a percentage of kills by friends in the entire game.
 D = Other kills in this place as a percentage of other kills in the entire game.
 E = Experience gained in this place as a percentage of experience gained in the entire game.
 F = Experience gained in this place divided by the number of levels of this place that you have seen.
                   A       B       C       D       E      F
               +-------+-------+-------+-------+-------+----------------------
         Total | 100.0 | 100.0 |   N/A |   N/A | 100.0 |  60.5
       Dungeon | 100.0 | 100.0 |   N/A |   N/A | 100.0 |  60.5
               +-------+-------+-------+-------+-------+----------------------

Table legend: (Time is in decaauts)
 A = Elapsed time spent in this place.
 B = Non-inter-level travel time spent in this place.
 C = Inter-level travel time spent in this place.
 D = Time resting spent in this place.
 E = Time spent auto-exploring this place.
 F = Levels seen in this place.
 G = Mean time per level.
                   A        B        C        D        E       F      G
               +--------+--------+--------+--------+--------+-----+--------+
         Total |    109 |    109 |      0 |      0 |     50 |   2 |   54.5 |
       Dungeon |    109 |    109 |      0 |      0 |     50 |   2 |   54.5 |
               +--------+--------+--------+--------+--------+-----+--------+

Top non-repeatable levels by time:
     D:6: 108 daAuts
     D:5: 1 daAuts
